 Dungeon Crawl Stone Soup version 0.20.0-10-g0535bb4 (webtiles) character file.

1333 SedStubbie the Ducker (level 8, -4/62 HPs)
             Began as a Mummy Hunter on June 3, 2017.
             Was an Initiate of Gozag.
             Slain by a wight
             ... wielding a +4 trident of freezing
              (6 damage)
             ... on level 6 of the Dungeon.
             The game lasted 00:15:10 (7877 turns).

SedStubbie the Ducker (Mummy Hunter)                Turns: 7877, Time: 00:15:10

Health: -4/62      AC:  6    Str: 16    XL:     8   Next: 34%
Magic:  8/8        EV: 15    Int: 10    God:    Gozag
Gold:   451        SH:  0    Dex: 14    Spells: 7/7 levels left

rFire    x . .     SeeInvis .   b - +1 dagger (venom)
rCold    + . .     Gourm    .   (no shield)
rNeg     + + +     Faith    .   c - +0 leather armour
rPois    ∞         Spirit   .   o - +1 helmet
rElec    .         Reflect  .   (no cloak)
rCorr    .         Harm     .   n - +0 pair of gloves
MR       ++...                  (no boots)
Stlth    +.........             (no amulet)
Regen    0.2/turn               l - ring of flight
MPRegen  0.2/turn               m - ring of protection from magic

@: no status effects
A: no food or potions, fire vulnerability, cold resistance 1, negative energy
resistance 3, torment resistance, unbreathing
a: Potion Petition, Call Merchant, Bribe Branch, Renounce Religion, Evoke Flight


You were on level 6 of the Dungeon.
You worshipped Gozag.
Gozag was aware of your devotion.
You were not hungry.

You visited 2 branches of the dungeon, and saw 7 of its levels.

You collected 543 gold pieces.
You paid 92 gold pieces to Gozag.

Inventory:

Hand Weapons
 a - a +1 hunting sling
 b - a +1 dagger of venom (weapon)
 p - a +0 short sword
Missiles
 d - 10 sling bullets
 h - 91 stones (quivered)
Armour
 c - a +0 leather armour (worn)
 n - a +0 pair of gloves (worn)
 o - a +1 helmet (worn)
Jewellery
 l - a ring of flight (left hand)
 m - a ring of protection from magic (right hand)
Scrolls
 e - a scroll of amnesia
 N - 6 scrolls of remove curse
 R - 12 scrolls of identify
 S - a scroll of enchant armour


   Skills:
 - Level 5.0 Fighting
 + Level 4.8 Slings
 + Level 3.5 Armour
 + Level 5.7 Dodging
 - Level 0.7 Stealth


You had 7 spell levels left.
You didn't know any spells.

Dungeon Overview and Level Annotations

Branches:
Dungeon (6/15)             Temple (1/1) D:4

Altars:
Ashenzari
Cheibriados
Dithmenos
Elyvilon
Fedhas
Gozag
Hepliaklqana
Kikubaaqudgha
Makhleb
Nemelex Xobeh
Okawaru
Qazlal
Ru
Sif Muna
Trog
Uskayaw
Vehumet
Xom
Yredelemnul
Zin
The Shining One

Annotations:
D:4 Feta's ghost, novice FoFi


Innate Abilities, Weirdness & Mutations

You do not eat or drink.
Your flesh is vulnerable to fire.
You are immune to poison.
Your flesh is cold resistant. (rC+)
You are immune to negative energy. (rN+++)
You are immune to unholy pain and torment.
You can survive without breathing.


Message History

* * * LOW HITPOINT WARNING * * *
Okay, then.
Unknown command.
Wield which item (- for none, * to show all)? (? for menu, Esc to quit)
Okay, then.
Unknown command.
The wight closely misses you. The worker ant bites you.
* * * LOW HITPOINT WARNING * * *
You climb downwards.
The wight closely misses you. The wight misses you.
There is a stone staircase leading up here.
The wight hits you with a trident of freezing!
* * * LOW HITPOINT WARNING * * *
The wight freezes you.
* * * LOW HITPOINT WARNING * * *
The wight completely misses you. The wight closely misses you.
The wight hits you with a flail.
* * * LOW HITPOINT WARNING * * *
The wight hits you from afar with a trident of freezing.
You die...
Your body crumbles into a pile of gold.

.. #.. ..#....
..###.....#...#.
................
.......#.......#
.......#.......#
.......#.......
............#
####..@zz#
.........a#
........zzs......
#......$..##.....
#.........# ....
#.##....... ... .
...##.#### ..
.##+ #+# .


You could see a worker ant, 4 wights and a giant cockroach.

Vanquished Creatures
  Grinder (D:5)
  A hippogriff (D:5)
  A phantom (D:5)
  A centaur (D:5)
  An ogre (D:5)
  A scorpion (D:4)
  5 orc priests
  4 orc wizards
  An iguana (D:4)
  3 worker ants (D:4)
  A hound skeleton (D:5)
  3 gnolls (D:4)
  10 adders
  2 shadow imps (D:5)
  7 worms
  4 dart slugs
  5 leopard geckos
  26 orcs
  7 bats
  4 giant cockroaches
  7 goblins
  11 hobgoblins
  2 jackals (D:5)
  10 kobolds
  2 quokkas
  A ball python (D:1)
  3 frilled lizards
  A giant cockroach zombie (D:5)
  10 rats
135 creatures vanquished.

Notes
Turn   | Place    | Note
-------+----------+-------------------------------------------
     0 | D:1      | SedStubbie the Mummy Hunter began the quest for the Orb.
     0 | D:1      | Reached XP level 1. HP: 16/16 MP: 1/1
    74 | D:1      | Reached XP level 2. HP: 19/23 MP: 2/2
  1134 | D:2      | Reached XP level 3. HP: 28/28 MP: 3/3
  1166 | D:2      | Reached skill level 3 in Fighting
  1951 | D:2      | Found a white marble altar of Elyvilon.
  1984 | D:2      | Reached XP level 4. HP: 29/35 MP: 4/4
  2561 | D:3      | Reached skill level 3 in Dodging
  2647 | D:2      | Reached XP level 5. HP: 29/42 MP: 5/5
  4343 | D:4      | Reached XP level 6. HP: 43/49 MP: 6/6
  4714 | D:4      | Noticed Feta's ghost (novice FoFi)
  4786 | D:5      | Entered Level 5 of the Dungeon
  5433 | D:4      | Reached skill level 1 in Armour
  5473 | D:4      | Found a staircase to the Ecumenical Temple.
  5482 | Temple   | Entered the Ecumenical Temple
  5521 | Temple   | Became a worshipper of Gozag Ym Sagoz the Greedy
  5913 | D:4      | Reached XP level 7. HP: 55/56 MP: 7/7
  6593 | D:5      | Noticed Grinder
  6613 | D:5      | Killed Grinder
  6928 | D:5      | Noticed a hippogriff
  6945 | D:5      | Killed a hippogriff
  6945 | D:5      | Reached skill level 3 in Armour
  6945 | D:5      | Reached XP level 8. HP: 36/62 MP: 8/8
  7876 | D:6      | HP: 1/62 [wight/flail (6)]
  7877 | D:6      | Slain by a wight

Skill      XL: |  1  2  3  4  5  6  7 |
---------------+----------------------+-----
Dodging        | 2 3 4 5 |  5.7
Fighting       | 3 4 5 |  5.0
Armour         | 1 3 |  3.5
Slings         | 4 |  4.8
Stealth        | |  0.7

Action                   |  1- 3 |  4- 6 |  7- 9 || total
-------------------------+-------+-------+-------++-------
Melee: Short sword       |   129 |   144 |       ||   273
       Dagger            |       |   139 |   106 ||   245
 Fire: Hunting sling     |    32 |    82 |    88 ||   202
Throw: Stone             |       |     1 |       ||     1
  Use: Scroll            |       |     7 |     3 ||    10
 Stab: Sleeping          |     1 |     4 |       ||     5
       Distracted        |     1 |       |     1 ||     2
Armor: Leather armour    |    38 |    92 |    22 ||   152
Dodge: Dodged            |   109 |   209 |    88 ||   406
